 Dungeon Crawl Stone Soup version 0.19-b1-1-g9a3527e (webtiles) character file.

177 kurovuster the Sneak (level 5, 0/38 HPs)
             Began as a Vampire Assassin on Oct 28, 2016.
             Was a Follower of Nemelex Xobeh.
             Succumbed to a worker ant's poison
             ... on level 5 of the Dungeon.
             The game lasted 00:28:35 (4227 turns).

kurovuster the Sneak (Vampire Assassin)             Turns: 4227, Time: 00:28:36

Health: 0/38       AC:  4    Str: 11    XL:     5   Next: 31%
Magic:  5/5        EV: 18    Int: 16    God:    Nemelex Xobeh [*.....]
Gold:   291        SH:  0    Dex: 21    Spells: 0 memorised, 4 levels left

rFire  x . .     SeeInvis +     b - +0 blowgun
rCold  + . .     Gourm    .     c - +1 robe
rNeg   + . .     Faith    .     (no shield)
rPois  .         Spirit   .     (no helmet)
rElec  .         Reflect  .     d - +0 cloak
rCorr  .         Harm     .     (no gloves)
MR     .....                    (no boots)
Stlth  +++++.....               (no amulet)
                                (no ring)
                                p - ring of ice

@: brilliant, agile, lethally poisoned (0 -> -5)
A: fangs 3, see invisible, dopey 1, unbreathing, evolution 1
a: Bat Form, Renounce Religion


You were on level 5 of the Dungeon.
You worshipped Nemelex Xobeh.
Nemelex Xobeh was aware of your devotion.
You were not thirsty.

You visited 1 branch of the dungeon, and saw 5 of its levels.

You collected 291 gold pieces.

Inventory:

Hand Weapons
 a - a +2 dagger
 b - a +0 blowgun (weapon)
 l - a +0 short sword
 s - a +0 falchion
 u - a +0 dagger
 v - a +0 dagger
 y - a cursed -1 spear
Missiles
 e - 8 poisoned needles (quivered)
 f - 2 curare-tipped needles
 i - 91 stones
Armour
 c - a +1 robe (worn)
 d - a +0 cloak (worn)
Jewellery
 p - a ring of ice (left hand)
Wands
 k - a wand of lightning (8/15)
Scrolls
 m - 2 scrolls of noise
 n - 4 scrolls of enchant armour
Potions
 g - 5 potions of blood
 j - a potion of flight
Miscellaneous
 r - a plain deck of summoning {drawn: 4}
Comestibles
 h - 3 bread rations


   Skills:
 + Level 2.2 Fighting
 + Level 3.8 Short Blades
 + Level 1.7 Throwing
 + Level 2.1 Dodging
 + Level 7.8 Stealth
 + Level 0.9 Unarmed Combat


You had 4 spell levels left.
You didn't know any spells.

Dungeon Overview and Level Annotations

Branches:
Dungeon (5/15)
 Temple: D:4-7

Altars:
Ashenzari
Nemelex Xobeh

Annotations:
D:4 Terence


Innate Abilities, Weirdness & Mutations

You have razor-sharp teeth.
You have supernaturally acute eyesight. (SInv)
You can survive without breathing.
You are dopey. (Int -2)
You evolve.


Message History

* * * LOW HITPOINT WARNING * * *
You feel sick.
Yummy - fresh blood!
You feel extremely strange.
You feel stupid.
* * * LOW HITPOINT WARNING * * *
You feel sick.
Yummy - fresh blood!
Unknown command.
Unknown command.
Unknown command.
b - a +0 blowgun (weapon)
You die...
Your body disappears without a glow.

#############..# #(# #
#...........#..####.###.#.##.
#......####.#................
##.._......#.#.####..#####....
#......###.#.#.## #..... .
#......#........###..####
#.###..#.#.#.....##..#
#........#.#.Dl..##..#
######.#.#.#.@Y..##..#
#.#........###...
#.###.#.##### ##.###.>......
#......#.##### #............
#.########### #.# ##.##


You could see a friendly basilisk, a friendly mottled dragon and a friendly ice
beast.

Vanquished Creatures
  An iguana (D:4)
  A hound skeleton (D:5)
  A howler monkey zombie (D:5)
  2 adders
  A shadow imp (D:5)
  An ooze (D:1)
  A worm (D:2)
  2 dart slugs (D:1)
  2 leopard geckos
  5 goblins
  3 hobgoblins (D:1)
  6 jackals
  A quokka (D:4)
  A ball python (D:1)
  7 bats
  6 frilled lizards
  2 kobolds
  A rat (D:3)
44 creatures vanquished.

Vanquished Creatures (collateral kills)
  An orc priest (D:3)
  A worker ant (D:5)
  3 adders (D:3)
  A leopard gecko (D:3)
  An orc (D:3)
  A hobgoblin (D:3)
  A jackal (D:3)
  A ball python (D:3)
10 creatures vanquished.

Grand Total: 54 creatures vanquished

Notes
Turn   | Place    | Note
-------+----------+-------------------------------------------
     0 | D:1      | kurovuster the Vampire Assassin began the quest for the Orb.
     0 | D:1      | Reached XP level 1. HP: 16/16 MP: 1/1
   133 | D:1      | Reached skill level 6 in Stealth
   829 | D:1      | Reached XP level 2. HP: 19/22 MP: 2/2
  1359 | D:1      | Reached skill level 7 in Stealth
  1425 | D:1      | Reached XP level 3. HP: 27/27 MP: 3/3
  1839 | D:2      | Noticed Terence
  2252 | D:2      | Found a sparkling altar of Nemelex Xobeh.
  2262 | D:2      | Became a worshipper of Nemelex Xobeh the Trickster
  2345 | D:2      | Received a gift from Nemelex Xobeh
  2867 | D:3      | Reached XP level 4. HP: 20/33 MP: 4/4
  4046 | D:5      | Entered Level 5 of the Dungeon
  4094 | D:5      | Reached XP level 5. HP: 29/38 MP: 5/5
  4125 | D:5      | Found a shattered altar of Ashenzari.
  4129 | D:5      | Reached * piety under Nemelex Xobeh
  4221 | D:5      | Gained mutation: You evolve. [potion of beneficial mutation]
  4225 | D:5      | Gained mutation: You are dopey. (Int -2) [potion of mutation]
  4225 | D:5      | HP: 1/38 [poisoned by a worker ant]
  4227 | D:5      | Succumbed to a worker ant's poison

Skill      XL: |  1  2  3  4 |
---------------+-------------+-----
Stealth        | 6 7 |  7.8
Short Blades   | 3 |  3.8
Fighting       | 2 |  2.2
Dodging        | 2 |  2.1
Throwing       | |  1.7
Unarmed Combat | |  0.9

Action                   |  1- 3 |  4- 6 || total
-------------------------+-------+-------++-------
Melee: Dagger            |    86 |    47 ||   133
       Bite              |     6 |     6 ||    12
       Unarmed           |    15 |     2 ||    17
       Punch             |       |     1 ||     1
Throw: Stone             |    13 |    33 ||    46
 Abil: End Transformatio |     2 |     2 ||     4
       Bat Form          |     2 |     2 ||     4
Evoke: Deck              |     2 |     2 ||     4
  Use: Potion            |     7 |     8 ||    15
       Scroll            |     5 |     2 ||     7
 Stab: Sleeping          |     6 |     5 ||    11
Armor: Robe              |    18 |    11 ||    29
Dodge: Dodged            |    52 |    38 ||    90
